 Dungeon Crawl Stone Soup version 0.26-b1-32-g5d43845318 (webtiles) character file.

Game seed: 8041242065424772775

4420 Borgoz the Basher (level 10, -3/61 HPs)
             Began as a Gargoyle Gladiator on Jan 11, 2021.
             Killed by nerve-wracking pain
             ... invoked by an orc priest
              (6 damage)
             ... on level 8 of the Dungeon.
             The game lasted 00:12:29 (9248 turns).

Borgoz the Basher (Gargoyle Gladiator)              Turns: 9248, Time: 00:12:30

Health: -3/61      AC: 17    Str: 17      XL:     10   Next: 36%
Magic:  10/10      EV: 19    Int: 10      God:
Gold:   613        SH:  0    Dex: 13 (14) Spells: 9/9 levels left

rFire    . . .     SeeInvis .   m - +0 dire flail
rCold    . . .     Faith    .   (shield currently unavailable)
rNeg     + . .     Spirit   .   C - +0 ring mail (curse)
rPois    ∞         Reflect  .   c - +0 helmet
rElec    +         Harm     .   (no cloak)
rCorr    .         Rampage  .   (no gloves)
Will     .....                  b - +1 pair of boots
Stlth    ..........             (no amulet)
HPRegen  0.20/turn              p - ring of attention
MPRegen  0.12/turn              a - +4 ring of evasion

@: no status effects
A: negative energy resistance 1, electricity resistance, unbreathing,
petrification resistance, miasma immunity, AC +7
a: no special abilities


You were on level 8 of the Dungeon.
You visited 2 branches of the dungeon, and saw 9 of its levels.
You also visited: Ossuary.

You collected 613 gold pieces.

Inventory:

Hand Weapons
 m - a +0 dire flail (weapon)
Missiles
 e - 2 throwing nets (quivered)
Armour
 b - a +1 pair of boots (worn)
 c - a +0 helmet (worn)
 C - a cursed +0 ring mail (worn)
Jewellery
 a - a +4 ring of evasion (right hand)
 p - a ring of attention (left hand)
Wands
 h - a wand of iceblast (5)
 n - a wand of digging (7)
 B - a wand of paralysis (13)
Scrolls
 d - 2 scrolls of identify
 f - 6 scrolls of remove curse
 i - a scroll of random uselessness {unknown}
 j - 3 scrolls of teleportation {unknown}
 q - 2 scrolls of noise {unknown}
 r - 2 scrolls of enchant armour {unknown}
 s - a scroll of torment {unknown}
 t - a scroll of holy word {unknown}
 y - a scroll of blinking {unknown}
Potions
 l - a potion of might {unknown}
 o - a potion of mutation {unknown}
 u - 3 potions of invisibility {unknown}
 v - 2 potions of brilliance {unknown}
 w - a potion of cancellation
 x - 4 potions of attraction {unknown}
 z - 2 potions of degeneration {unknown}
 A - 2 potions of flight
 D - a potion of berserk rage {unknown}


   Skills:
 + Level 6.9 Fighting
 * Level 9.2 Maces & Flails
 - Level 1.7 Throwing
 + Level 6.4 Armour
 * Level 7.6 Dodging


You had 9 spell levels left.
You didn't know any spells.
Your spell library contained the following spells:

 Spells                   Type           Power        Failure   Level
 Animate Skeleton         Necr           0%           54%         1
 Apportation              Tloc           0%           54%         1
 Corona                   Hex            0%           54%         1
 Summon Small Mammal      Summ           0%           54%         1
 Slow                     Hex            0%           67%         2
 Inner Flame              Hex/Fire       0%           88%         3
 Portal Projectile        Hex/Tloc       0%           88%         3
 Cause Fear               Hex            0%           99%         4
 Leda's Liquefaction      Hex/Erth       0%           99%         4


Dungeon Overview and Level Annotations

Branches:
Dungeon (8/15)             Temple (1/1) D:4         Ossuary (visited)
   Lair: D:8-11

Altars:
Ashenzari
Cheibriados
Dithmenos
Elyvilon
Fedhas
Gozag
Hepliaklqana
Kikubaaqudgha
Makhleb
Okawaru
Qazlal
Ru
Sif Muna
Trog
Vehumet
Wu Jian
Xom
Yredelemnul
Zin
The Shining One


Innate Abilities, Weirdness & Mutations

You are resistant to torment.
Your stone body is resilient. (AC +7)
You are immune to poison.
You resist negative energy. (rN+)
You are resistant to electric shocks. (rElec)
You can survive without breathing.
You are immune to petrification.
You are immune to miasma.


Message History

Things that are here:
a +0 mace; a cursed +0 leather armour
Found 6 gold pieces.
The orc priest casts a cantrip, but nothing happens.
The orc priest invokes the aid of Beogh against you.
Beogh smites you!
* * * LOW HITPOINT WARNING * * *
The orc priest miscasts a cantrip.
The orc priest calls down the wrath of Beogh upon you.
Beogh smites you!
* * * LOW HITPOINT WARNING * * *
Okay, then.
The orc warrior hits you with a +2 war axe of venom.
* * * LOW HITPOINT WARNING * * *
Okay, then.
As you read the scroll of fear, it crumbles to dust.
You assume a fearsome visage.
The orc warrior looks frightened!
The orc priest mumbles some strange prayers to Beogh against you.
Pain shoots through your body!
You die...

#......# #...##o# *,,,, ...###.#
#.####.# *,*** .......# #.# #o#
**,,** .......#
#.####o########$,,,* .#.#.#.#
#...............,,,,
.......##############.######*,,,,
.#.#.#..o.............# *,,,,,
.......###.o########### *,,,,,
.#.#.#.# #......@.....#**********
.......# #.##########...,,,*,,,,,
...##### #.# *****,*,,**** ####
###.# *,**,*,* #...# **,***,**
########..###### *,,* *,*
.......#.......# *,****,*
.#####...#####.# *,,,,*,*
##..)##..#...#,*** ****,*,*


You could see an orc priest.

Vanquished Creatures
  A two-headed ogre (D:8)
  Grinder (D:4)
  Edmund (D:5)
  Duvessa (D:4)
  A black bear (D:6)
  3 orc warriors
  4 sky beasts
  3 phantoms (D:7)
  4 ogres
  A centaur (D:6)
  2 bullfrogs
  Dowan (D:4)
  4 wights (D:6)
  A howler monkey (D:8)
  3 quasits (D:8)
  A jelly (D:8)
  6 orc priests
  7 hounds
  11 orc wizards
  Natasha (thrice) (D:4)
  3 iguanas
  7 worker ants
  A big kobold zombie (Ossuary)
  8 mummies (Ossuary)
  2 hound skeletons
  A howler monkey zombie (D:5)
  A worker ant zombie (D:7)
  10 adders
  An ufetubus (D:5)
  2 adder skeletons
  3 adder zombies
  2 worms
  2 dart slugs
  3 leopard geckos
  39 orcs
  A ball python (D:7)
  4 giant cockroaches
  A gnoll zombie (Ossuary)
  7 goblins
  6 hobgoblins
  10 kobolds
  2 quokkas
  7 bats
  3 frilled lizards
  A hobgoblin zombie (Ossuary)
  2 jackal skeletons
  3 kobold zombies (Ossuary)
  2 leopard gecko skeletons
  2 orc zombies (Ossuary)
  2 quokka skeletons (D:5)
  9 rats
206 creatures vanquished.

Notes
Turn   | Place    | Note
-------+----------+-------------------------------------------
     0 | D:1      | Borgoz the Gargoyle Gladiator began the quest for the Orb.
     0 | D:1      | Reached XP level 1. HP: 12/12 MP: 1/1
    11 | D:1      | You fall into a shaft and drop 1 floor!
    36 | D:2      | Reached XP level 2. HP: 9/18 MP: 2/2
   262 | D:2      | Reached XP level 3. HP: 22/22 MP: 3/3
   559 | D:2      | Reached skill level 1 in Armour
  1370 | D:2      | Reached XP level 4. HP: 27/27 MP: 4/4
  1662 | D:2      | Found an ornate altar of the Wu Jian Council.
  2190 | D:3      | Reached skill level 4 in Maces & Flails
  2268 | D:3      | Found an iron altar of Okawaru.
  2369 | D:3      | Reached XP level 5. HP: 28/32 MP: 5/5
  3117 | D:4      | Reached XP level 6. HP: 36/37 MP: 6/6
  3137 | D:4      | Noticed Grinder
  3322 | D:4      | Paralysed by Grinder for 7 turns
  3334 | D:4      | Paralysed by Grinder for 2 turns
  3342 | D:4      | Killed Grinder
  3343 | D:4      | Reached skill level 5 in Maces & Flails
  3343 | D:4      | Reached XP level 7. HP: 25/42 MP: 7/7
  3793 | D:4      | Noticed Duvessa
  3793 | D:4      | Noticed Dowan
  3794 | D:4      | Noticed a fire elemental
  3803 | D:4      | Found a stormy altar of Qazlal.
  3838 | D:4      | Killed Duvessa
  3845 | D:4      | Reached XP level 8. HP: 22/48 MP: 8/8
  3855 | D:4      | Killed Dowan
  3856 | D:4      | Reached skill level 6 in Maces & Flails
  4027 | D:4      | Noticed a water elemental
  4031 | D:4      | Noticed an air elemental
  4054 | D:4      | Noticed Natasha
  4063 | D:4      | Killed Natasha
  4064 | D:4      | Reached skill level 5 in Dodging
  4203 | D:4      | Found a shimmering blue altar of Sif Muna.
  4249 | D:4      | Found a staircase to the Ecumenical Temple.
  4261 | Temple   | Entered the Ecumenical Temple
  4522 | D:4      | Noticed Natasha
  4528 | D:4      | Killed Natasha
  4607 | D:4      | Noticed Natasha
  4623 | D:4      | Killed Natasha
  4682 | D:5      | Entered Level 5 of the Dungeon
  4886 | D:5      | Noticed Edmund
  4942 | D:5      | Killed Edmund
  4943 | D:5      | Reached skill level 5 in Fighting
  5654 | D:6      | Found a basalt altar of Yredelemnul.
  5688 | D:6      | Reached skill level 7 in Maces & Flails
  5730 | D:6      | Reached XP level 9. HP: 24/54 MP: 9/9
  6196 | D:6      | Found a shadowy altar of Dithmenos.
  6287 | D:6      | Reached skill level 5 in Armour
  6761 | D:7      | You fall into a shaft and drop 1 floor!
  6768 | D:8      | Reached skill level 8 in Maces & Flails
  6768 | D:8      | Noticed a two-headed ogre
  6974 | D:7      | Found a sand-covered staircase.
  6982 | Ossuary  | Entered an ossuary
  7845 | D:7      | Identified the cursed +0 hunting sling of Jyntoidd {venom,
                  | rElec rPois rC++ Dex+4}
  7853 | D:7      | Reached XP level 10. HP: 37/61 MP: 10/10
  8766 | D:7      | Found a radiant altar of Vehumet.
  8915 | D:8      | Killed a two-headed ogre
  8916 | D:8      | Reached skill level 9 in Maces & Flails
  9240 | D:8      | HP: 2/61 [orc priest/divine providence (13)]
  9248 | D:8      | Killed from afar by an orc priest

Illustrated notes

Levels and vault maps discovered:
D:1:      lemuel_arrival_room, layout_basic
D:2:      layout_loops_cross, nzn_wu_jian_contemplation
D:3:      layout_basic, lemuel_round_altar
D:4:      layout_basic, nicolae_qazlal_style_of_elements, kennysheep_mini,
          minmay_temple_entry_proselytizer, uniq_grinder, uniq_natasha,
          uniq_duvessa
D:5:      layout_cave_pools, serial_column_ruins, column_ruins_pillar_7,
          column_ruins_pillar_3, column_ruins_pillar_1, column_ruins_pillar_3,
          column_ruins_pillar_5, column_ruins_pillar_3, column_ruins_pillar_6,
          column_ruins_pillar_2, column_ruins_pillar_2, column_ruins_pillar_1,
          column_ruins_pillar_2, column_ruins_pillar_2, column_ruins_pillar_6,
          column_ruins_pillar_2, column_ruins_pillar_3, column_ruins_pillar_7,
          column_ruins_pillar_2, column_ruins_pillar_3, column_ruins_pillar_1,
          column_ruins_pillar_9, uniq_edmund
D:6:      layout_cave_pools, basic_altar, yredelemnul_altar_generic
D:7:      layout_layer_cave, lemuel_coloured_pillars_altar, enter_ossuary_2
D:8:      cheibrodos_quashed, layout_loops_ring, serial_co_window_serial,
          co_window_of_opportunity_a, co_window_paths_b,
          co_window_of_opportunity_a, co_window_paths_a, co_window_paths_a,
          co_window_corner_a, co_window_cross_1, co_window_corner_cb,
          co_window_broadway_b, co_window_corner_cb, co_window_broadway_a,
          co_window_paths_c, co_window_of_opportunity_b, glass_columns_a,
          glass_columns_a, glass_columns_b, glass_columns_a, uniq_psyche
Temple:   nicolae_temple_figure_eight

Skill      XL: |  1  2  3  4  5  6  7  8  9 10 |
---------------+-------------------------------+-----
Armour         | 1 2 3 4 5 6 |  6.4
Dodging        | 3 4 5 7 |  7.6
Fighting       | 3 4 5 6 |  6.9
Maces & Flails | 4 5 7 8 9 |  9.2
Throwing       | |  1.7

Action                   |  1- 3 |  4- 6 |  7- 9 | 10-12 || total
-------------------------+-------+-------+-------+-------++-------
Melee: Flail             |   107 |   170 |   283 |       ||   560
       Dire flail        |       |       |   291 |   131 ||   422
Throw: Throwing net      |       |       |     4 |       ||     4
Evoke: Wand              |       |       |       |     1 ||     1
  Use: Potion            |       |     1 |     5 |     3 ||     9
       Scroll            |       |       |    11 |     1 ||    12
 Stab: Sleeping          |     1 |       |       |       ||     1
       Held in net/web   |       |       |     1 |       ||     1
Armor: Leather armour    |    46 |       |   232 |    34 ||   312
       Ring mail         |     8 |    93 |    38 |    30 ||   169
Dodge: Dodged            |    87 |   118 |   568 |   209 ||   982
